 Dungeon Crawl Stone Soup version 0.27-a0-242-ge0fc76b88b (webtiles) character file.

Game seed: 6171948795661561771

2511 Borgoz the Slasher (level 9, -2/78 HPs)
             Began as a Ghoul Gladiator on Feb 3, 2021.
             Slain by Harold
             ... wielding a +0 scimitar
              (8 damage)
             ... on level 7 of the Dungeon.
             The game lasted 00:12:00 (8426 turns).

Borgoz the Slasher (Ghoul Gladiator)                Turns: 8426, Time: 00:12:01

Health: -2/78      AC: 12    Str: 24    XL:     9   Next: 53%
Magic:  8/8        EV: 15    Int:  3    God:
Gold:   361        SH:  0    Dex: 13    Spells: 8/8 levels left

rFire    . . .     SeeInvis .   a - +0 long sword
rCold    + . .     Faith    .   (no shield)
rNeg     + + +     Spirit   .   e - +0 steam dragon scales
rPois    ∞         Reflect  .   c - +0 helmet
rElec    .         Harm     .   l - +2 cloak
rCorr    .         Rampage  .   b - +1 pair of gloves
Will     .....                  (no boots)
Stlth    +.........             (no amulet)
HPRegen  0.00/turn              u - +6 ring of strength
MPRegen  0.11/turn              (no ring)

@: marked, hasted, very quick
A: claws 1, cold resistance 1, negative energy resistance 3, inhibited
regeneration, torment resistance, unbreathing
a: no special abilities


You were on level 7 of the Dungeon.
You visited 2 branches of the dungeon, and saw 8 of its levels.

You collected 361 gold pieces.

Inventory:

Hand Weapons
 a - a +0 long sword (weapon)
Armour
 b - a +1 pair of gloves (worn)
 c - a +0 helmet (worn)
 e - +0 steam dragon scales (worn)
 l - a +2 cloak (worn)
Jewellery
 k - an uncursed ring of flight
 u - a +6 ring of strength (left hand)
Wands
 o - a wand of flame (10)
 t - a wand of acid (10)
Scrolls
 g - a scroll of amnesia {unknown}
 h - 3 scrolls of teleportation
 i - 4 scrolls of remove curse
 m - 2 scrolls of magic mapping {unknown}
 n - 2 scrolls of enchant armour
 p - 3 scrolls of enchant weapon {unknown}
 q - 2 scrolls of noise {unknown}
 r - 3 scrolls of identify
 v - 4 scrolls of fog {unknown}
Potions
 j - a potion of flight


   Skills:
 + Level 6.5 Fighting
 * Level 7.8 Long Blades
 - Level 1.7 Throwing
 + Level 4.9 Armour
 + Level 5.8 Dodging


You had 8 spell levels left.
You didn't know any spells.
Your spell library contained the following spells:

 Spells                   Type           Power        Failure   Level
 Cause Fear               Hex            0%           99%         4
 Silence                  Hex/Air        0%           100%        5
 Yara's Violent Unravell  Hex/Tmut       0%           100%        5
 Discord                  Hex            0%           100%        8


Dungeon Overview and Level Annotations

Branches:
Dungeon (7/15)             Temple (1/1) D:5

Altars:
Fedhas
Gozag
Hepliaklqana
Kikubaaqudgha
Makhleb
Nemelex Xobeh
Okawaru
Qazlal
Ru
Sif Muna
Trog
Wu Jian
Xom
The Shining One

Shops:
D:5 }

Annotations:
D:7 Harold


Innate Abilities, Weirdness & Mutations

You thrive by killing the living.
You are immune to poison.
You have sharp fingernails.
Your flesh is cold resistant. (rC+)
You are immune to negative energy. (rN+++)
You do not regenerate when monsters are visible.
You are immune to unholy pain and torment.
You can survive without breathing.


Message History

You hit Harold but do no damage.
Harold is heavily wounded.
Harold casts a spell at you. A sentinel's mark forms upon you.
You barely miss Harold.
Harold is heavily wounded.
You hit Harold.
Harold is heavily wounded.
Harold hits you with a +0 scimitar.
* * * LOW HITPOINT WARNING * * *
You hit Harold but do no damage.
Harold is heavily wounded.
You barely miss Harold.
Harold is heavily wounded.
Harold casts a spell at you. The mark upon you grows brighter.
You barely miss Harold.
Harold is heavily wounded.
Harold hits you with a +0 scimitar!
You die...

### ..# #.# #.#
#.# #.#
#########.####
#####............#
......###.######@#
...#### #.# #@#
#..# #.##. #.#
#..# #.#.. ..#
#..#####..... ..#
#............ ....
............. ...#
.#.(.##.#.#.....(.
.............


You could see Harold.

Vanquished Creatures
  Maggie (D:6)
  Edmund (D:5)
  Duvessa (D:6)
  3 ice beasts
  A sky beast (D:7)
  2 black bears
  A necrophage (D:4)
  A centaur (D:6)
  4 ogres
  A phantom (D:4)
  A bullfrog (D:7)
  Dowan (D:6)
  A howler monkey (D:6)
  A bullfrog zombie (D:7)
  2 lava snakes (D:7)
  A jelly (D:6)
  Natasha (thrice) (D:3)
  2 iguanas
  2 orc wizards (D:4)
  A killer bee zombie (D:5)
  3 worker ants
  A hound skeleton (D:6)
  2 worker ant zombies
  A howler monkey zombie (D:7)
  10 adders
  3 gnolls (D:6)
  A howler monkey skeleton (D:6)
  A shadow imp (D:6)
  2 oozes
  3 worms
  6 dart slugs
  8 leopard geckos
  14 orcs
  5 giant cockroaches
  4 goblins
  8 hobgoblins
  18 jackals
  12 kobolds
  6 quokkas
  3 ball pythons
  7 bats
  8 frilled lizards
  A quokka zombie (D:7)
  9 rats
167 creatures vanquished.

Vanquished Creatures (others)
  An orc wizard (D:4)
1 creature vanquished.

Grand Total: 168 creatures vanquished

Notes
Turn   | Place    | Note
-------+----------+-------------------------------------------
     0 | D:1      | Borgoz the Ghoul Gladiator began the quest for the Orb.
     0 | D:1      | Reached XP level 1. HP: 17/17 MP: 0/0
   273 | D:1      | Reached XP level 2. HP: 25/25 MP: 1/1
   312 | D:1      | Reached skill level 3 in Long Blades
   569 | D:1      | Reached XP level 3. HP: 7/30 MP: 2/2
  1350 | D:2      | Reached skill level 1 in Armour
  1479 | D:2      | Reached XP level 4. HP: 30/37 MP: 3/3
  2344 | D:2      | Reached XP level 5. HP: 44/45 MP: 4/4
  2464 | D:3      | Noticed Natasha
  2473 | D:3      | Killed Natasha
  2481 | D:3      | Reached skill level 4 in Long Blades
  2481 | D:3      | Noticed Natasha
  2495 | D:3      | Killed Natasha
  2611 | D:3      | Noticed Natasha
  2622 | D:3      | Killed Natasha
  2692 | D:3      | Reached XP level 6. HP: 47/51 MP: 5/5
  2857 | D:3      | Noticed an ice beast
  2873 | D:3      | Killed an ice beast
  3208 | D:4      | Reached skill level 5 in Long Blades
  3208 | D:4      | Reached XP level 7. HP: 52/59 MP: 6/6
  4750 | D:5      | Entered Level 5 of the Dungeon
  4895 | D:5      | Reached XP level 8. HP: 25/67 MP: 7/7
  5345 | D:5      | Found a staircase to the Ecumenical Temple.
  5391 | Temple   | Entered the Ecumenical Temple
  5620 | D:5      | Found Dudigij's Gadget Emporium.
  5819 | D:5      | Noticed Edmund
  5839 | D:5      | Killed Edmund
  5840 | D:5      | Reached skill level 5 in Fighting
  5840 | D:5      | Reached skill level 6 in Long Blades
  5979 | D:6      | Noticed Duvessa
  5979 | D:6      | Noticed Dowan
  6085 | D:6      | Noticed Maggie
  6102 | D:6      | Killed Maggie
  6103 | D:6      | Reached skill level 5 in Dodging
  6633 | D:6      | Reached skill level 7 in Long Blades
  6633 | D:6      | Reached XP level 9. HP: 26/75 MP: 8/8
  7369 | D:6      | Killed Duvessa
  7376 | D:6      | Killed Dowan
  8404 | D:7      | Noticed Harold
  8426 | D:7      | Slain by Harold

Illustrated notes

Levels and vault maps discovered:
D:1:      dpeg_arrival_simpleton_a, layout_rooms
D:2:      layout_basic, minmay_domino_4
D:3:      layout_rooms, uniq_natasha
D:4:      layout_basic, minmay_pentomino_pile
D:5:      layout_loops_ring, minmay_temple_entry_grid, serial_shops,
          nicolae_shop_trees, uniq_edmund
D:6:      layout_basic, uniq_duvessa, uniq_maggie
D:7:      layout_loops_ring, dk_vineyard_1, kennysheep_minor_cross, uniq_harold
Temple:   eino_narrow_crystal_temple

Skill      XL: |  1  2  3  4  5  6  7  8  9 |
---------------+----------------------------+-----
Long Blades    | 3 4 5 7 |  7.8
Dodging        | 3 4 5 |  5.8
Armour         | 1 2 3 4 |  4.9
Fighting       | 3 4 5 6 |  6.5
Throwing       | |  1.7

Action                   |  1- 3 |  4- 6 |  7- 9 || total
-------------------------+-------+-------+-------++-------
Melee: Long sword        |   105 |   266 |   377 ||   748
Throw: Throwing net      |       |       |     4 ||     4
  Use: Scroll            |       |     3 |     6 ||     9
       Potion            |       |     2 |     1 ||     3
 Stab: Held in net/web   |       |       |     1 ||     1
Armor: Leather armour    |    39 |    10 |       ||    49
       Ring mail         |       |   129 |    34 ||   163
       Steam dragon scal |       |       |    90 ||    90
Dodge: Dodged            |    96 |   223 |   265 ||   584
       Rpst.: Long sword |    33 |    63 |    79 ||   175

Table legend: (Time is in decaauts)
 A = Elapsed time spent in this place.
 B = Non-inter-level travel time spent in this place.
 C = Inter-level travel time spent in this place.
 D = Time resting spent in this place.
 E = Time spent auto-exploring this place.
 F = Levels seen in this place.
 G = Mean time per level.
                   A        B        C        D        E       F      G
               +--------+--------+--------+--------+--------+-----+--------+
         Total |   8521 |   8285 |    236 |   2695 |   4039 |   8 | 1065.1 |
       Dungeon |   8312 |   8088 |    224 |   2695 |   3844 |   7 | 1187.4 |
        Temple |    208 |    196 |     12 |      0 |    195 |   1 |  208.0 |
               +--------+--------+--------+--------+--------+-----+--------+

Top non-repeatable levels by time:
     D:4: 1775 daAuts
     D:6: 1580 daAuts
     D:1: 1340 daAuts
     D:2: 1161 daAuts
     D:5: 1093 daAuts
     D:7: 803 daAuts
     D:3: 557 daAuts
  Temple: 208 daAuts
